 Dungeon Crawl Stone Soup version 0.30-a0-897-ga2f19c967e (webtiles) character file.

Game seed: 5205843249253490677

37609 Drevant2 the Devastator (level 13, -6/86 HPs)
             Began as a Green Draconian Conjurer on Mar 18, 2023.
             Was a Priest of Sif Muna.
             Mangled by a black mamba (14 damage)
             ... on level 1 of the Lair of Beasts.
             The game lasted 01:10:40 (19384 turns).

Drevant2 the Devastator (Green Draconian Conjurer) Turns: 19384, Time: 01:10:41

Health: -6/86      AC: 12    Str: 13    XL:     13   Next: 59%
Magic:  1/21       EV: 12    Int: 23    God:    Sif Muna [***...]
Gold:   780        SH:  0    Dex: 16    Spells: 2/22 levels left

rFire   . . .      SeeInvis .    O - +2 dagger (venom)
rCold   . . .      Faith    .    (no shield)
rNeg    + + .      Spirit   .    (body armour unavailable)
rPois   +          Reflect  .    K - +1 hat
rElec   .          Rampage  .    i - +0 cloak
rCorr   .                        I - +1 pair of gloves of the Thistle {rN++}
Will    .....                    (no boots)
Stlth   ++                       w - amulet "Hiechesh" {rPois Regen+ Str+3}
HPRegen 1.14/turn                m - +6 ring of dexterity
MPRegen 0.17/turn                (no ring)

@: lethally poisoned (-6 -> -8), about to teleport, slowed, very slow
A: breathe noxious fumes, AC +8, unfitting armour, poison resistance,
cold-blooded
a: Breathe Noxious Fumes, Renounce Religion, Channel Magic, Forget Spell


You were on level 1 of the Lair of Beasts.
You worshipped Sif Muna.
Sif Muna was most pleased with you.
You visited 2 branches of the dungeon, and saw 15 of its levels.

You collected 780 gold pieces.

Inventory:

Hand Weapons
 e - a +0 dagger
 f - a +0 short sword
 u - a +2 vampiric short sword
 O - a +2 dagger of venom (weapon)
Armour
 a - a +0 troll leather armour
 g - a +0 pair of gloves
 i - a +0 cloak (worn)
 I - the +1 pair of gloves of the Thistle (worn) {rN++}
   (You found it on level 8 of the Dungeon)

   rN:        It greatly protects you from negative energy.
 K - a +1 hat (worn)
Magical Staves
 c - a staff of cold
Jewellery
 m - a +6 ring of dexterity (left hand)
 r - an amulet of reflection
 w - the amulet "Hiechesh" (around neck) {rPois Regen+ Str+3}
   (You found it on level 5 of the Dungeon)

   [amulet of regeneration]

   Str:       It affects your strength (+3).
   rPois:     It protects you from poison.
   Regen:     It increases your rate of health regeneration.
 A - an amulet of reflection
 C - a ring of protection from fire
 D - a +6 ring of intelligence
 F - a ring of magical power
 P - a ring of ice
Wands
 H - a wand of polymorph (12)
 J - a wand of mindburst (4)
 N - a wand of roots (13)
Scrolls
 b - 3 scrolls of immolation
 h - 4 scrolls of poison {unknown}
 k - a scroll of teleportation
 l - 3 scrolls of amnesia
 p - a scroll of brand weapon
 s - 3 scrolls of vulnerability {unknown}
 t - 2 scrolls of noise {unknown}
 x - a scroll of fog {unknown}
 y - 2 scrolls of enchant weapon {unknown}
 B - 2 scrolls of enchant armour {unknown}
 M - 3 scrolls of magic mapping {unknown}
Potions
 d - 3 potions of mutation
 j - 2 potions of flight
 o - 2 potions of brilliance
 q - 5 potions of attraction
 E - 2 potions of lignification {unknown}
 G - a potion of invisibility {unknown}
 L - 3 potions of cancellation {unknown}


   Skills:
 - Level 1.7 Dodging
 - Level 1.7 Stealth
 - Level 5.4 Spellcasting
 - Level 17.1 Conjurations
 - Level 6.0 Translocations
 + Level 12.5 Earth Magic


You had 2 spell levels left.
You knew the following spells:

 Your Spells              Type           Power      Damage    Failure   Level
a - Magic Dart            Conj           100%       1d8       0%          1
b - Searing Ray           Conj           100%       2d8       0%          2
c - Orb of Destruction    Conj           35%        9d10      7%          7
d - Iskenderun's Mystic   Conj/Tloc      56%        2d12      1%          4
e - Iron Shot             Conj/Erth      32%        9d7       3%          6

Your spell library contained the following spells:

 Spells                   Type           Power      Damage    Failure   Level
 Blink                    Tloc           68%        N/A       1%          2
 Lesser Beckoning         Tloc           68%        N/A       1%          2
 Momentum Strike          Conj/Tloc      100%       3d10      1%          2
 Cigotuvi's Dreadful Rot  Necr/Pois/Air  12%        N/A       14%         2
 Poisonous Vapours        Pois/Air       12%        N/A       14%         2
 Dazzling Flash           Conj/Hex       90%        N/A       1%          3
 Gell's Gravitas          Tloc           34%        N/A       2%          3
 Mephitic Cloud           Conj/Pois/Air  32%        N/A       2%          3
 Teleport Other           Tloc           34%        N/A       2%          3
 Fulminant Prism          Conj/Hex       22%        3d12      2%          4
 Portal Projectile        Hex/Tloc       40%        N/A       8%          3
 Vhi's Electric Charge    Tloc/Air       40%        N/A       8%          3
 Arcjolt                  Conj/Air       22%        1d32      8%          5
 Kindle Blastsparks       Fire/Tloc/Air  30%        2d12      12%         3
 Freezing Cloud           Conj/Ice/Air   16%        6-21      24%         5
 Ignite Poison            Fire/Tmut/Pois 6%         N/A       26%         3
 Ozocubu's Armour         Ice            6%         N/A       26%         3
 Summon Guardian Golem    Hex/Summ       6%         N/A       26%         3
 Tukima's Dance           Hex            6%         N/A       26%         3
 Spellforged Servitor     Conj/Summ      22%        N/A       92%         7
 Blade Hands              Tmut           3%         N/A       94%         5
 Ozocubu's Refrigeration  Ice            3%         4d8       100%        7
 Maxwell's Capacitive Co  Air            3%         ∞         100%        8
 Animate Armour           Summ/Erth      Unusable   N/A       N/A         4

Dungeon Overview and Level Annotations

Branches:
Dungeon (12/15)            Temple (0/1) D:6            Lair (3/5) D:8
  Swamp (0/4) Lair:3       Spider (0/4) Lair:3          Orc (0/2) D:10

Altars:
Ashenzari
Fedhas
Kikubaaqudgha
Nemelex Xobeh
Okawaru
Sif Muna
Uskayaw
Vehumet
Wu Jian
Xom

Shops:
D:6 =

Annotations:
D:7 2 transporters, frocskos's ghost, novice DrCj
D:12 Nergalle


Innate Abilities, Weirdness & Mutations

You can breathe blasts of noxious fumes.
Your lurid green scales are hard. (AC +8)
You cannot fit into any form of body armour.
Your system is resistant to poisons. (rPois)
You are cold-blooded and may be slowed by cold attacks.


Message History

* * * LOW HITPOINT WARNING * * *
You feel yourself slow down. The black mamba barely misses you.
Casting: Magic Dart (safe; 0% risk of failure)
Confirm with . or Enter, or press ? or * to list all spells.
Aiming: Searing Ray (safe; 0% risk of failure)
Press: ? - help, Shift-Dir - straight line, f - black mamba
Aim: a black mamba (lightly wounded, concentrated venom, 72% to hit)
The searing ray hits the black mamba!
The black mamba is moderately wounded. (Press . to maintain the ray.)
You feel very sick. The black mamba bites you!
* * * LOW HITPOINT WARNING * * *
The black mamba barely misses you.
The searing ray hits the black mamba!
The black mamba is severely wounded.
You feel very sick.
The black mamba no longer looks unusually toxic.
The black mamba bites you!
* * * LOW HITPOINT WARNING * * *
You are more poisoned.
The black mamba poisons you! The black mamba misses you.
The black mamba bites you but does no damage.
The searing ray hits the black mamba!
The black mamba is almost dead.
* * * LOW HITPOINT WARNING * * *
You feel extremely sick. The black mamba bites you.
* * * LOW HITPOINT WARNING * * *
The black mamba closely misses you. The black mamba barely misses you.
You feel better. The black mamba closely misses you. The black mamba bites you!
* * * LOW HITPOINT WARNING * * *
You are poisoned.
The black mamba poisons you! The black mamba barely misses you.
Okay, then.
As you read the scroll of teleportation, it crumbles to dust.
You feel strangely unstable.
You feel very sick. The black mamba barely misses you.
The black mamba bites you!
You die...

.....## ##.....## #####.!...
......##### #.....# ####.#.......
..........####....###.##.........
.............#...#...............
.................................
..............#.##.#.............
................##..#............
......##....####.)##......>......
......######.###@.###............
...P....## ##..S##..###..........
####.....## #.#.##.##.#.....#####
##.....# #..<...###....### #
##...####......###....# #
##...###........#....##
#.....P#........#...##
###....#.......#....#
#.....#.......#...##


You could see a black mamba.

Vanquished Creatures
  Fannar (D:11)
  4 two-headed ogres
  Amaemon (Lair:1)
  An ugly thing (D:12)
  A manticore (D:11)
  An elephant (Lair:3)
  2 black mambas (Lair:2)
  2 rime drakes
  2 kobold demonologists (D:11)
  A komodo dragon (Lair:1)
  3 trolls
  A polar bear (Lair:2)
  5 dream sheep
  A spriggan (D:9)
  2 wraiths (D:10)
  A vampire (D:11)
  A steam dragon (D:8)
  3 wyverns
  18 yaks
  Grum (Lair:2)
  An acid dragon (D:10)
  7 water moccasins
  2 orc warriors
  A swamp drake (Lair:3)
  4 ice beasts
  2 sky beasts
  A black bear (Lair:1)
  9 wolves
  An ogre (D:4)
  A centaur (D:10)
  3 phantoms
  5 kobold brigands
  7 bullfrogs
  6 scorpions
  4 killer bees (D:9)
  A howler monkey (D:12)
  2 lava snakes (D:9)
  5 hounds
  2 jellies
  2 gnoll boudas
  An orc priest (D:10)
  3 sleepcaps
  2 iguanas
  4 orc wizards
  Terence (D:3)
  9 gnolls
  3 adders
  3 white imps
  2 ufetubi (D:6)
  4 worms
  3 dart slugs
  17 orcs
  4 ball pythons
  4 bats
  9 endoplasms
  4 giant cockroaches
  5 goblins
  5 hobgoblins
  16 kobolds
  3 quokkas
  4 frilled lizards
  5 rats
229 creatures vanquished.

Vanquished Creatures (others)
  12 fungi
  10 plants
22 creatures vanquished.

Grand Total: 251 creatures vanquished

Notes
Turn   | Place    | Note
-------+----------+-------------------------------------------
     0 | D:1      | Drevant2 the Draconian Conjurer began the quest for the
                  | Orb.
     0 | D:1      | Reached XP level 1. HP: 14/14 MP: 3/3
   408 | D:1      | Reached XP level 2. HP: 20/20 MP: 5/5
  1383 | D:2      | Reached skill level 5 in Conjurations
  1440 | D:2      | Reached XP level 3. HP: 23/26 MP: 1/6
  1443 | D:2      | Learned a level 2 spell: Searing Ray
  2282 | D:3      | Found a faded altar of an unknown god.
  2805 | D:3      | Reached XP level 4. HP: 33/33 MP: 7/7
  2970 | D:3      | Noticed Terence
  2977 | D:3      | Killed Terence
  3313 | D:4      | Reached skill level 6 in Conjurations
  3518 | D:4      | Noticed a phantom
  3642 | D:4      | Killed a phantom
  3643 | D:4      | Reached XP level 5. HP: 28/38 MP: 2/8
  4016 | D:4      | Reached skill level 7 in Conjurations
  4055 | D:4      | Found an ornate altar of the Wu Jian Council.
  4099 | D:4      | Noticed an ogre
  4119 | D:4      | Killed an ogre
  4120 | D:4      | Reached XP level 6. HP: 13/45 MP: 2/9
  4650 | D:4      | Found a shimmering blue altar of Sif Muna.
  4658 | D:4      | Reached skill level 8 in Conjurations
  4661 | D:4      | Became a worshipper of Sif Muna the Loreminder
  4730 | D:5      | Entered Level 5 of the Dungeon
  4745 | D:5      | Identified the amulet "Hiechesh" {rPois Regen+ Str+3}
  5015 | D:5      | Your scales start taking on a lurid green colour.
  5015 | D:5      | Reached XP level 7. HP: 50/50 MP: 4/10
  5015 | D:5      | Gained mutation: Your system is resistant to poisons.
                  | (rPois) [Green Draconian growth]
  5366 | D:5      | Learned a level 7 spell: Orb of Destruction
  5453 | D:5      | Reached skill level 9 in Conjurations
  5803 | D:5      | Found a shimmering altar of Xom.
  6037 | D:6      | Found Guumoil's Jewellery Emporium.
  6059 | D:6      | Reached skill level 10 in Conjurations
  6371 | D:6      | Found a staircase to the Ecumenical Temple.
  6404 | D:6      | Reached XP level 8. HP: 57/57 MP: 8/11
  6838 | D:7      | Reached * piety under Sif Muna
  7094 | D:7      | Noticed a queen bee
  7274 | D:7      | Found a transporter.
  7279 | D:7      | Found a transporter.
  7281 | D:7      | Noticed frocskos's ghost (novice DrCj)
  7493 | D:7      | Reached skill level 11 in Conjurations
  8441 | D:8      | Reached skill level 12 in Conjurations
  8501 | D:8      | Noticed a rime drake
  8756 | D:8      | Reached XP level 9. HP: 62/62 MP: 7/12
  9175 | D:8      | Identified the +1 pair of gloves of the Thistle {rN++}
  9361 | D:8      | Found a staircase to the Lair.
  9438 | D:8      | Killed a rime drake
  9569 | D:9      | Found an iron altar of Okawaru.
 10110 | D:9      | Reached skill level 5 in Spellcasting
 10143 | D:9      | Noticed a two-headed ogre
 10230 | D:10     | Entered Level 10 of the Dungeon
 10230 | D:10     | Noticed a troll
 10287 | D:10     | Noticed a two-headed ogre
 10465 | D:11     | Noticed Fannar
 10584 | D:9      | Found a hide-covered altar of Uskayaw.
 10584 | D:9      | Found an ancient bone altar of Kikubaaqudgha.
 10597 | D:10     | Found a radiant altar of Vehumet.
 10755 | D:10     | Noticed a troll
 10920 | D:9      | Noticed a troll
 11258 | Lair:1   | Entered Level 1 of the Lair of Beasts
 11279 | Lair:1   | Reached skill level 13 in Conjurations
 11455 | Lair:1   | Noticed a komodo dragon
 11479 | Lair:1   | Killed a komodo dragon
 11757 | Lair:1   | Found a dark tunnel.
 12256 | Lair:1   | Reached XP level 10. HP: 69/69 MP: 6/18
 12306 | D:8      | Reached skill level 14 in Conjurations
 12906 | Lair:1   | Learned a level 4 spell: Iskenderun's Mystic Blast
 12933 | Lair:2   | Reached skill level 1 in Translocations
 13045 | Lair:2   | Noticed a black mamba
 13099 | Lair:2   | Noticed Amaemon
 13099 | Lair:2   | Noticed an elephant
 13102 | Lair:2   | Noticed a black mamba
 13102 | Lair:2   | Noticed Grum
 13164 | Lair:2   | Reached ** piety under Sif Muna
 13170 | Lair:2   | Noticed a black mamba
 13816 | Lair:2   | Killed a black mamba
 13817 | Lair:2   | Reached skill level 5 in Translocations
 13845 | Lair:2   | Killed a black mamba
 14031 | Lair:2   | Killed Grum
 14117 | Lair:2   | Noticed an elephant
 14117 | Lair:2   | Noticed an elephant
 14117 | Lair:2   | Noticed an elephant
 14117 | Lair:2   | Noticed an elephant
 14389 | Lair:3   | Found a staircase to the Swamp.
 14505 | Lair:3   | Reached skill level 15 in Conjurations
 14664 | Lair:3   | Reached XP level 11. HP: 65/74 MP: 11/19
 14765 | Lair:3   | Learned a level 6 spell: Iron Shot
 14790 | Lair:3   | Reached skill level 1 in Earth Magic
 14867 | Lair:3   | Found a hole to the Spider Nest.
 15072 | Lair:3   | Reached XP level 12. HP: 43/81 MP: 4/20
 15203 | Lair:3   | Reached skill level 17 in Conjurations
 15203 | Lair:3   | Reached XP level 13. HP: 86/86 MP: 21/21
 15556 | D:9      | Found a broken altar of Ashenzari.
 15556 | D:9      | Found a sparkling altar of Nemelex Xobeh.
 15913 | D:10     | Reached skill level 10 in Earth Magic
 16160 | D:10     | Reached *** piety under Sif Muna
 16289 | D:10     | Found a staircase to the Orcish Mines.
 16340 | D:10     | Found a blossoming altar of Fedhas.
 17975 | D:11     | Killed Fannar
 18937 | D:12     | Noticed Nergalle
 19376 | Lair:1   | Killed Amaemon
 19384 | Lair:1   | Mangled by a black mamba

Illustrated notes

Levels and vault maps discovered:
D:1:      minmay_arrival_five_plusses, layout_loops_ring
D:2:      layout_basic
D:3:      layout_loops_cross, ebering_ecumenical_altar_webs, uniq_terence
D:4:      layout_loops_corners, nzn_wu_jian_council_hall,
          nicolae_sif_muna_little_library
D:5:      layout_basic, mainiacjoe_overflow_alcove_2,
          chequers_serial_rivers_micro_d
D:6:      layout_gridville, minmay_temple_entry_waves, serial_shops, shop
D:7:      layout_basic, gammafunk_ghost_hive
D:8:      layout_cave_pools, hellmonk_lair_entry_icy
D:9:      layout_loops_ring, nicolae_overflow_two_pavilions,
          nicolae_overflow_hidden_temple, old_standard_altar, the_hattery
D:10:     layout_cave_pools, fedhas_altar_2, vehumet_crystals, orc_0_dummy,
          minmay_circle_x
D:11:     layout_irregular_city, uniq_fannar
D:12:     layout_long_grid, uniq_nergalle, uniq_lodul
Lair:1:   layout_hall_layers, nicolae_volcano_entry_s_turn, st_stairs_7
Lair:2:   beargit_carnivore_pack, layout_cave_shapes,
          infiniplex_staircase_pool_2, uniq_amaemon
Lair:3:   layout_misc_corridors, minmay_swamp_entry_reptiles,
          nicolae_spider_entry_non_spiders, nicolae_lair_liquid_snakes,
          grunt_megastairs_1

Skill      XL: |  1  2  3  4  5  6  7  8  9 10 11 12 13 |
---------------+----------------------------------------+-----
Conjurations   | 5 6 7 8 10 12 13 15 17 | 17.1
Spellcasting   | 5 |  5.4
Translocations | 6 |  6.0
Earth Magic    | 9 12 | 12.5
Dodging        | |  1.7
Stealth        | |  1.7

Action                     |  1- 3 |  4- 6 |  7- 9 | 10-12 | 13-15 || total
---------------------------+-------+-------+-------+-------+-------++-------
  Melee: Unarmed           |     7 |       |       |       |       ||     7
         Dagger            |     5 |       |       |       |    11 ||    16
         Short sword       |    82 |    64 |    56 |    71 |    11 ||   284
         Tailslap          |     7 |    12 |    12 |    19 |     5 ||    55
         Punch             |       |       |       |     2 |       ||     2
   Cast: Magic Dart        |    50 |    41 |   124 |    91 |    77 ||   383
         Searing Ray       |     2 |    11 |    47 |    38 |    33 ||   131
         Iskenderun's Myst |       |       |       |     8 |    18 ||    26
         Iron Shot         |       |       |       |       |    15 ||    15
Ability: Breathe Noxious F |       |       |     3 |     5 |     2 ||    10
  Evoke: Wand              |       |       |       |     1 |       ||     1
    Use: Potion            |       |       |     3 |     4 |     4 ||    11
         Scroll            |       |       |    13 |     3 |     3 ||    19
   Stab: Sleeping          |     5 |     1 |       |       |       ||     6
         Distracted        |       |     1 |       |       |       ||     1
 Armour: Skin              |    32 |    24 |    43 |    94 |    63 ||   256
  Dodge: Dodged            |    59 |    38 |    68 |   116 |   102 ||   383

Table legend: (Time is in decaauts)
 A = Elapsed time spent in this place.
 B = Non-inter-level travel time spent in this place.
 C = Inter-level travel time spent in this place.
 D = Time resting spent in this place.
 E = Time spent auto-exploring this place.
 F = Levels seen in this place.
 G = Mean time per level.
                   A        B        C        D        E       F      G
               +--------+--------+--------+--------+--------+-----+--------+
         Total |  19439 |  16068 |   3371 |   7231 |   6049 |  15 | 1295.9 |
       Dungeon |  15506 |  12796 |   2710 |   5422 |   5415 |  12 | 1292.2 |
          Lair |   3933 |   3273 |    660 |   1809 |    634 |   3 | 1311.0 |
               +--------+--------+--------+--------+--------+-----+--------+

Top non-repeatable levels by time:
  Lair:1: 2413 daAuts
     D:9: 2002 daAuts
    D:11: 1889 daAuts
     D:7: 1609 daAuts
    D:10: 1583 daAuts
     D:4: 1566 daAuts
     D:8: 1424 daAuts
     D:2: 1267 daAuts
     D:5: 1075 daAuts
     D:1: 1013 daAuts
     D:3: 936 daAuts
  Lair:3: 895 daAuts
     D:6: 878 daAuts
  Lair:2: 624 daAuts
    D:12: 260 daAuts
